 Dungeon Crawl Stone Soup version 0.31-a0-848-gaac375c287 (webtiles) character file.

Game seed: 9241980224659521708

81 olourkin the Poker (level 4, 0/35 HPs)
             Began as a Demonspawn Gladiator on Oct 4, 2023.
             Slain by a gnoll
             ... wielding a +0 whip
              (3 damage)
             ... on level 3 of the Dungeon.
             The game lasted 00:07:46 (1742 turns).

olourkin the Poker (Demonspawn Gladiator)           Turns: 1742, Time: 00:07:46

Health: 0/35       AC:  4    Str: 16    XL:     4   Next: 19%
Magic:  4/4        EV:  9    Int:  9    God:
Gold:   59         SH:  0    Dex: 15    Spells: 3/3 levels left

rFire   . . .        a - +0 trident
rCold   . . .        (no shield)
rNeg    . . .        b - +0 leather armour
rPois   .            c - +0 helmet
rElec   .            (no cloak)
rCorr   .            (no gloves)
SInv    .            (no boots)
Will    .....        (no amulet)
Stlth   +            (no ring)
HPRegen 0.25/turn    (no ring)
MPRegen 0.09/turn

%: no passive effects
@: constricted
A: claws 2
a: no special abilities


You were on level 3 of the Dungeon.
You visited 1 branch of the dungeon, and saw 4 of its levels.

You collected 59 gold pieces.

Inventory:

Hand Weapons
 a - a +0 trident (weapon)
Missiles
 d - 2 throwing nets
 e - a javelin
 j - 21 stones (quivered)
Armour
 b - a +0 leather armour (worn)
 c - a +0 helmet (worn)
 m - a +0 helmet
Jewellery
 h - a ring of fire
Talismans
 o - a beast talisman
Scrolls
 f - a scroll of teleportation {unknown}
 g - a scroll of amnesia {unknown}
 n - 2 scrolls of blinking {unknown}
 p - 4 scrolls of identify {unknown}
 r - a scroll of immolation {unknown}
 t - a scroll of vulnerability {unknown}
 v - a scroll of fear {unknown}
Potions
 i - a potion of might {unknown}
 k - a potion of haste {unknown}
 l - a potion of enlightenment {unknown}
 q - a potion of cancellation {unknown}
 s - 2 potions of resistance
 u - a potion of mutation {unknown}


   Skills:
 + Level 3.0 Fighting
 * Level 4.0 Polearms
 - Level 1.7 Throwing
 - Level 2.6 Dodging


You had 3 spell levels left.
You didn't know any spells.
Your spell library contained the following spells:

 Spells                   Type           Power      Damage    Failure   Level
 Ensorcelled Hibernation  Hex/Ice        0%         N/A       58%         2
 Jinxbite                 Hex            0%         N/A       58%         2
 Anguish                  Hex/Necr       0%         N/A       99%         4


Dungeon Overview and Level Annotations

Branches:
Dungeon (4/15)
 Temple: D:4-7

Altars:

Shops:
D:2 :   D:4 =

Annotations:
D:3 Robin


Innate Abilities, Weirdness & Mutations

You have very sharp fingernails.


Message History

You puncture the gnoll!
The gnoll is severely wounded.
The gnoll closely misses you.
You hit the gnoll.
The gnoll is severely wounded.
The gnoll closely misses you.
You puncture the gnoll!
You kill the gnoll!
Things that are here:
a +0 spear; a gnoll corpse
There is a stone staircase leading down here.
You see here a +0 mace.
Found a scroll labelled OTIRRO XI NONU.
A ball python comes into view.
A ball python is nearby!
A ball python is nearby!
A gnoll comes into view. It is wielding a +0 whip.
The ball python hisses angrily.
The gnoll shouts!
The ball python bites you but does no damage.
The ball python closely misses you. x2; The ball python grabs you.
The ball python constricts you.
You escape the ball python's grasp.
You hear the brisk rusting of a very distant drain.
The gnoll hits you with a +0 whip. The gnoll hits you with a +0 whip.
* * * LOW HITPOINT WARNING * * *
The ball python misses you. x2; The gnoll hits you with a +0 whip.
* * * LOW HITPOINT WARNING * * *
The ball python bites you.
* * * LOW HITPOINT WARNING * * *
The ball python grabs you. The ball python constricts you.
The ball python barely misses you. The ball python constricts you.
The gnoll hits you with a +0 whip!
* * * LOW HITPOINT WARNING * * *
The ball python bites you.
* * * LOW HITPOINT WARNING * * *
The ball python constricts you. The gnoll barely misses you.
The ball python bites you but does no damage.
The ball python constricts you. The gnoll hits you with a +0 whip.
You die...

#########
#.......#
#.......#
#.......####
####.#g.........#
.......@S....##.#
##...........##.#
##.....?....##.#
##.##########.#
#. ###.## #
#....# #.#..#
#.#..# #.##.#


You could see a gnoll and a ball python.

Vanquished Creatures
  3 gnolls
  A dart slug (D:1)
  An endoplasm (D:1)
  10 goblins
  13 hobgoblins
  2 quokkas (D:1)
  3 ball pythons (D:1)
  3 bats
  5 frilled lizards
  4 kobolds
  2 rats (D:2)
47 creatures vanquished.

Notes
Turn   | Place    | Note
-------+----------+-------------------------------------------
     0 | D:1      | olourkin the Demonspawn Gladiator began the quest for the
                  | Orb.
     0 | D:1      | Reached XP level 1. HP: 16/16 MP: 1/1
   156 | D:1      | Reached skill level 3 in Polearms
   167 | D:1      | Gained mutation: You have sharp fingernails. [demonic
                  | ancestry]
   167 | D:1      | Reached XP level 2. HP: 20/22 MP: 2/2
   922 | D:2      | Noticed a walking divine tome
   926 | D:2      | Found Lotafyam's Book Boutique.
   929 | D:2      | Noticed a walking earthen tome
   992 | D:2      | Reached XP level 3. HP: 24/28 MP: 3/3
  1311 | D:3      | Noticed Robin
  1573 | D:3      | HP: 1/28 [gnoll/+0 flail (1)]
  1574 | D:4      | Found Vururozi's Jewellery Boutique.
  1698 | D:3      | Reached skill level 4 in Polearms
  1698 | D:3      | Gained mutation: You have very sharp fingernails. [demonic
                  | ancestry]
  1698 | D:3      | Reached XP level 4. HP: 15/35 MP: 4/4
  1742 | D:3      | Slain by a gnoll

Illustrated notes

Levels and vault maps discovered:
D:1:      dpeg_arrival_shrine, layout_basic
D:2:      layout_basic, serial_shops, nicolae_shop_mannequins
D:3:      layout_loops_corners, portal_sewer_entry_e, chequers_mini_garden,
          uniq_natasha, uniq_robin
D:4:      layout_basic, jmf_multi_god_temple2, serial_shops,
          nicolae_stop_n_shop_2, shop, nicolae_shop_tiny_real_fake_doors,
          nicolae_shop_advertising_works [nicolae_subvault_shop_adworks], shop,
          kennysheep_boxes, uniq_menkaure

Skill      XL: |  1  2  3 |
---------------+----------+-----
Polearms       | 3 4 |  4.0
Fighting       | 3 |  3.0
Throwing       | |  1.7
Dodging        | |  2.6

Action                     |  1- 3 |  4- 6 || total
---------------------------+-------+-------++-------
  Melee: Trident           |   136 |     5 ||   141
  Throw: Throwing net      |     2 |       ||     2
         Stone             |     1 |       ||     1
    Use: Potion            |     1 |       ||     1
   Stab: Sleeping          |     4 |       ||     4
 Armour: Leather armour    |    80 |    10 ||    90
  Dodge: Dodged            |    87 |    11 ||    98
         Form:             |     1 |       ||     1
         Beast             |     1 |       ||     1

Table legend: (Time is in decaauts)
 A = Elapsed time spent in this place.
 B = Non-inter-level travel time spent in this place.
 C = Inter-level travel time spent in this place.
 D = Time resting spent in this place.
 E = Time spent auto-exploring this place.
 F = Levels seen in this place.
 G = Mean time per level.
                   A        B        C        D        E       F      G
               +--------+--------+--------+--------+--------+-----+--------+
         Total |   1763 |   1660 |    103 |    256 |    956 |   4 |  440.8 |
       Dungeon |   1763 |   1660 |    103 |    256 |    956 |   4 |  440.8 |
               +--------+--------+--------+--------+--------+-----+--------+

Top non-repeatable levels by time:
     D:1: 778 daAuts
     D:2: 761 daAuts
     D:4: 115 daAuts
     D:3: 108 daAuts
